 Dungeon Crawl Stone Soup version 0.30-a0-331-g8ab09dc110 (webtiles) character file.

Game seed: 3549815743328858376

1908 Pooter the Cleaver (level 8, -12/106 (112) HPs)
             Began as a Minotaur Berserker on Oct 28, 2022.
             Was a Priest of Trog.
             Mangled by Joseph
             ... wielding a +0 quarterstaff
              (24 damage)
             ... on level 7 of the Dungeon on Oct 29, 2022.
             The game lasted 00:35:12 (6036 turns).

Pooter the Cleaver (Minotaur Berserker)             Turns: 6036, Time: 00:35:12

HP:   -12/106 (112) AC: 12    Str: 24    XL:     8   Next: 94%
MP:   7/7           EV:  6    Int:  4    God:    Trog [***...]
Gold: 277           SH:  4    Dex: 10    Spells: 7/7 levels left

rFire   . . .      SeeInvis .    a - +4 broad axe (vamp)
rCold   . . .      Faith    .    b - +1 buckler
rNeg    . . .      Spirit   .    m - +1 plate armour
rPois   +          Reflect  .    (helmet restricted)
rElec   .          Harm     .    (no cloak)
rCorr   .          Rampage  .    (no gloves)
Will    .....                    (no boots)
Stlth   ..........               (no amulet)
HPRegen 0.37/turn                P - ring of poison resistance
MPRegen 0.10/turn                (no ring)

@: berserking, drained, very quick
A: horns 2, retaliatory headbutt
a: Renounce Religion, Berserk, Trog's Hand


You were on level 7 of the Dungeon.
You worshipped Trog.
Trog was most pleased with you.
You visited 1 branch of the dungeon, and saw 7 of its levels.
You also visited: Ossuary.

You collected 494 gold pieces.
You spent 217 gold pieces at shops.

Inventory:

Hand Weapons
 a - a +4 vampiric broad axe (weapon)
   (You acquired it on level 4 of the Dungeon)
 e - a +0 long sword of holy wrath
   (You found it on level 4 of the Dungeon)
 q - a +1 antimagic lajatang
   (You found it on level 5 of the Dungeon)
 y - a +0 war axe
   (You found it on level 6 of the Dungeon)
Missiles
 j - 7 boomerangs (quivered)
 l - 6 poisoned darts
 x - 6 atropa-tipped darts
 D - 3 throwing nets {!f}
 Q - 83 stones
Armour
 b - a +1 buckler (worn)
   (You found it on level 6 of the Dungeon)
 m - a +1 plate armour (worn)
   (You found it on level 2 of the Dungeon)
Jewellery
 P - a ring of poison resistance (left hand)
   (You found it on level 7 of the Dungeon)
Wands
 f - a wand of flame (7)
   (You found it on level 7 of the Dungeon)
 i - a wand of light (9)
   (You found it on level 7 of the Dungeon)
 r - a wand of charming (8)
   (You found it on level 5 of the Dungeon)
 w - a wand of polymorph (11)
   (You found it on level 4 of the Dungeon)
 E - a wand of mindburst (12)
   (You found it on level 7 of the Dungeon)
Scrolls
 d - 4 scrolls of noise {!r}
 g - 2 scrolls of poison {!r}
 h - a scroll of immolation {!r}
 n - 2 scrolls of blinking
 o - 5 scrolls of teleportation {unknown}
 s - 2 scrolls of fog
 z - a scroll of fear
 B - a scroll of torment {!r}
Potions
 c - 3 potions of heal wounds {@q2}
 k - a potion of ambrosia
 p - 3 potions of curing {@q1}
 t - a potion of invisibility
 u - 2 potions of flight
 v - 2 potions of cancellation
 A - a potion of resistance
 C - a potion of might {unknown}


   Skills:
 + Level 8.4 Fighting
 * Level 11.3 Axes
 - Level 2.4 Armour
 - Level 2.1 Dodging
 + Level 3.1 Evocations


You had 7 spell levels left.
You didn't know any spells.
Your spell library was empty.

Dungeon Overview and Level Annotations

Branches:
Dungeon (7/15)             Temple (0/1) D:4         Ossuary (visited)

Altars:
Ashenzari
Dithmenos
Elyvilon
Fedhas
Gozag
Qazlal
Ru
Uskayaw
Zin

Shops:
D:5 [   D:7 :

Annotations:
D:7 Joseph


Innate Abilities, Weirdness & Mutations

You have a pair of horns on your head.
You reflexively headbutt those who attack you in melee.


Message History

Found a scroll labelled TEKOMN CATWE.
Your skin crawls.
You feel strong-willed.
An orc comes into view. It is wielding a +0 dagger.
Found a scroll of amnesia.
The orc shouts!
There is a large open door here.
You completely miss the orc wizard.
You feel the effects of Trog's Hand fading.
The orc wizard hits you but does no damage.
You closely miss the orc wizard.
Joseph, a Mercenary comes into view.
He is wielding a +0 quarterstaff.
The orc wizard hits you but does no damage.
You slice the orc wizard!!
You kill the orc wizard!
Trog accepts your kill.
Trog appreciates your killing of a magic user.
Joseph unwields a +0 quarterstaff.
Joseph wields a +1 sling of draining.
You sense an unholy aura.
Joseph shoots a sling bullet.
The sling bullet hits you.
You feel drained.
You slice the orc!!
You kill the orc!
Trog accepts your kill.
You slash the orc!
You kill the orc!
Trog accepts your kill.
Found a stone staircase leading down.
Your skin stops crawling.
You feel less strong-willed.
There is a large open door, spattered with blood here.
Items here: ))) [[ ††.
Joseph shoots a sling bullet.
The sling bullet hits you!
You feel drained.
Joseph unwields a +1 sling of draining.
Joseph wields a +0 quarterstaff.
Joseph hits you but does no damage.
You see here a scroll labelled TEKOMN CATWE.
You barely miss Joseph.
Joseph drinks a potion.
Joseph goes berserk!
You slash Joseph!
You feel better.
Joseph hits you with a +0 quarterstaff!!
* * * LOW HITPOINT WARNING * * *
Joseph hits you with a +0 quarterstaff!
* * * LOW HITPOINT WARNING * * *
A red film seems to cover your vision as you go berserk!
You feel yourself moving faster!
You feel mighty!
Joseph hits you with a +0 quarterstaff!!
* * * LOW HITPOINT WARNING * * *
Joseph hits you with a +0 quarterstaff!
* * * LOW HITPOINT WARNING * * *
You closely miss Joseph. You slice Joseph!!
You feel better.
Your headbutt misses Joseph.
Joseph hits you with a +0 quarterstaff!!
You die...

..........#(# ..
....#####.#.#...........
....#####.#.#...........
......................>.
......<.....#.....?.....
............#...........
....##......#...........
....##......#...@.......
....##......#...@.......
######......#...........
...# #......####)#######
...#
#......####'#########
...#
#......##............
...#
#......#.............
.###
#......#.#.^.........
...#
#####................
##.#
####.###............


You could see Joseph (berserk).

Vanquished Creatures
  A wraith (Ossuary)
  A water moccasin (D:6)
  2 black bears
  A sky beast (D:7)
  An ogre (D:7)
  2 phantoms
  2 bullfrogs
  A gnoll sergeant (D:7)
  2 scorpions (D:5)
  A water moccasin zombie (Ossuary)
  2 bullfrog zombies (Ossuary)
  2 centaur zombies (Ossuary)
  4 hounds
  3 orc priests
  A jelly (D:4)
  A gnoll bouda (D:6)
  2 iguanas (D:5)
  An orc wizard (D:7)
  4 ogre zombies
  7 gnolls
  4 adders
  2 white imps
  2 ufetubi
  7 adder zombies (Ossuary)
  2 worms
  16 orcs
  3 bats
  5 endoplasms
  3 giant cockroaches
  7 goblins
  10 hobgoblins
  4 jackals (D:5)
  3 quokkas
  8 ball pythons
  A gnoll zombie (Ossuary)
  5 goblin zombies (Ossuary)
  2 hobgoblin zombies (Ossuary)
  7 kobolds
  2 orc zombies
  A quokka zombie (D:4)
  3 rats
  A rat zombie (D:4)
139 creatures vanquished.

Vanquished Creatures (others)
  A gnoll (D:7)
1 creature vanquished.

Grand Total: 140 creatures vanquished

Notes
Turn   | Place    | Note
-------+----------+-------------------------------------------
     0 | D:1      | Pooter the Minotaur Berserker began the quest for the Orb.
     0 | D:1      | Reached XP level 1. HP: 19/19 MP: 0/0
    22 | D:1      | Found Jaetumis's Magic Scroll Boutique.
    83 | D:1      | Reached skill level 4 in Axes
   192 | D:1      | Reached XP level 2. HP: 26/27 MP: 1/1
   692 | D:1      | Bought a scroll of identify for 28 gold pieces
   692 | D:1      | Bought a scroll of identify for 28 gold pieces
   818 | D:2      | Reached XP level 3. HP: 26/33 MP: 2/2
  1190 | D:1      | Bought a scroll of identify for 28 gold pieces
  1563 | D:2      | Reached ** piety under Trog
  1564 | D:2      | Reached skill level 5 in Axes
  2021 | D:1      | Bought a scroll of identify for 28 gold pieces
  2122 | D:3      | Found a glowing silver altar of Zin.
  2122 | D:3      | Found a stormy altar of Qazlal.
  2323 | D:3      | You fall into a shaft and drop 3 floors!
  2424 | D:6      | Found a white marble altar of Elyvilon.
  2532 | D:6      | Found a blossoming altar of Fedhas.
  2561 | D:6      | Found a shadowy altar of Dithmenos.
  2592 | D:5      | Entered Level 5 of the Dungeon
  2623 | D:5      | Reached XP level 4. HP: 39/41 MP: 3/3
  2770 | D:5      | Reached skill level 6 in Axes
  2770 | D:5      | Reached XP level 5. HP: 25/47 MP: 4/4
  2871 | D:5      | Reached skill level 5 in Fighting
  3170 | D:4      | Found a sand-covered staircase.
  3189 | Ossuary  | Entered an ossuary
  3304 | Ossuary  | Reached skill level 7 in Axes
  3304 | Ossuary  | Reached XP level 6. HP: 52/56 MP: 5/5
  3361 | Ossuary  | Reached *** piety under Trog
  3398 | Ossuary  | Noticed a wraith
  3405 | Ossuary  | Killed a wraith
  3406 | Ossuary  | Reached skill level 8 in Axes
  3406 | Ossuary  | Reached XP level 7. HP: 34/64 MP: 6/6
  3599 | Ossuary  | Noticed a silent spectre
  3655 | D:4      | Identified a scroll of acquirement
  3656 | D:4      | Acquired a +2 vampiric broad axe
  4082 | D:4      | Found a staircase to the Ecumenical Temple.
  4099 | D:4      | Reached skill level 9 in Axes
  4341 | D:4      | Upgraded the game from 0.30-a0-329-g85436e0a43 to
                  | 0.30-a0-331-g8ab09dc110
  4496 | D:5      | Found Cenlus's Antique Armour Boutique.
  4672 | D:1      | Bought a scroll of enchant weapon for 105 gold pieces
  4793 | D:5      | Reached XP level 8. HP: 73/73 MP: 7/7
  4801 | D:5      | Reached skill level 1 in Evocations
  4994 | D:6      | Reached skill level 10 in Axes
  5037 | D:6      | Found a transporter.
  5049 | D:6      | Found a transporter.
  5277 | D:6      | Found a broken altar of Ashenzari.
  5424 | D:6      | Found a hide-covered altar of Uskayaw.
  5424 | D:6      | Found a sacrificial altar of Ru.
  5502 | D:7      | Reached skill level 11 in Axes
  5579 | D:7      | Found an opulent altar of Gozag.
  5884 | D:7      | Found Yzalell's Self-Improvement Boutique.
  6025 | D:7      | Noticed Joseph
  6036 | D:7      | Mangled by Joseph

Illustrated notes

Levels and vault maps discovered:
D:1:      beargit_arrival_diablo_church, layout_basic, serial_shops,
          shop_fountains, minmay_misc_feat_square
D:2:      layout_basic, minmay_goblin_kobold_house
D:3:      layout_basic, nicolae_overflow_ecumenical_swirl,
          nicolae_overflow_two_pavilions, lightli_corner_chamber
D:4:      layout_gridville, temple_fountains, enter_ossuary_4
D:5:      layout_basic, serial_shops, shop_coins
D:6:      gammafunk_cloud_chamber, layout_basic, lemuel_doored_altar,
          cheibrodos_ashenzari_chains,
          mainiacjoe_overflow_concentric_impassable, fedhas_altar_2, minitemple,
          serial_curves, eino_curves_03, eino_curves_02, eino_curves_01
D:7:      layout_basic, mainiacjoe_overflow_brackets, nicolae_shop_self_help,
          uniq_joseph

Skill      XL: |  1  2  3  4  5  6  7  8 |
---------------+-------------------------+-----
Axes           | 4 5 6 7 8 9 11 | 11.3
Fighting       | 4 5 6 7 8 |  8.4
Evocations     | 3 |  3.1
Armour         | |  2.4
Dodging        | |  2.1

Action                   |  1- 3 |  4- 6 |  7- 9 || total
-------------------------+-------+-------+-------++-------
Melee: Hand axe          |    90 |       |       ||    90
       Headbutt          |     9 |    16 |    13 ||    38
       War axe           |     3 |    80 |     5 ||    88
       Punch             |     2 |     2 |       ||     4
       Lajatang          |       |    14 |       ||    14
       Long sword        |       |     8 |       ||     8
       Broad axe         |       |       |   118 ||   118
Throw: Boomerang         |     2 |     4 |    19 ||    25
Invok: Berserk           |     3 |     1 |     3 ||     7
       Trog's Hand       |       |       |     4 ||     4
Evoke: Wand              |       |       |     2 ||     2
  Use: Scroll            |    11 |     1 |    15 ||    27
       Potion            |       |       |     3 ||     3
Armor: Animal skin       |    13 |       |       ||    13
       Plate armour      |    12 |    88 |    67 ||   167
Dodge: Dodged            |    45 |    45 |    34 ||   124
Block: Buckler           |       |     3 |    14 ||    17

Table legend: (Time is in decaauts)
 A = Elapsed time spent in this place.
 B = Non-inter-level travel time spent in this place.
 C = Inter-level travel time spent in this place.
 D = Time resting spent in this place.
 E = Time spent auto-exploring this place.
 F = Levels seen in this place.
 G = Mean time per level.
                   A        B        C        D        E       F      G
               +--------+--------+--------+--------+--------+-----+--------+
         Total |   6150 |   5575 |    575 |    984 |   3107 |   8 |  768.8 |
       Dungeon |   5689 |   5114 |    575 |    769 |   2988 |   7 |  812.7 |
       Ossuary |    460 |    460 |      0 |    215 |    119 |   1 |  460.0 |
               +--------+--------+--------+--------+--------+-----+--------+

Top non-repeatable levels by time:
     D:2: 1200 daAuts
     D:5: 991 daAuts
     D:4: 826 daAuts
     D:6: 820 daAuts
     D:1: 785 daAuts
     D:7: 548 daAuts
     D:3: 515 daAuts
 Ossuary: 460 daAuts
